 Dungeon Crawl Stone Soup version 0.26-a0-958-gf3041fb45f (webtiles) character file.

Game seed: 8679194551989531620

37053 snetch the Severer (level 13, -1/119 HPs)
             Began as a Minotaur Berserker on Nov 24, 2020.
             Was a High Priest of Trog.
             Slain by a chaos spawn (13 damage)
             ... summoned by an orc sorcerer
             ... led by an orc knight
             ... on level 15 of the Dungeon on Dec 1, 2020.
             The game lasted 01:05:07 (16951 turns).

snetch the Severer (Minotaur Berserker)            Turns: 16951, Time: 01:05:08

Health: -1/119     AC:  9    Str: 25    XL:     13   Next: 56%
Magic:  12/12      EV: 12    Int:  4    God:    Trog [*****.]
Gold:   1060       SH:  5    Dex: 12    Spells: 12/12 levels left

rFire    + . .     SeeInvis .   a - +3 war axe (freeze)
rCold    . . .     Faith    .   (no shield)
rNeg     . . .     Spirit   .   H - +2 chain mail {rF+}
rPois    .         Reflect  +   (helmet restricted)
rElec    .         Harm     .   A - +0 cloak
rCorr    .         Rampage  .   Y - +1 pair of gloves {archery}
MR       .....                  (no boots)
Stlth    ..........             N - amulet of reflection
HPRegen  0.29/turn              r - +4 ring of protection
MPRegen  0.13/turn              (no ring)

@: corroded
A: retaliatory headbutt, horns 2
a: Berserk, Trog's Hand, Brothers in Arms, Renounce Religion


You were on level 15 of the Dungeon.
You worshipped Trog.
Trog was extremely pleased with you.
You visited 3 branches of the dungeon, and saw 17 of its levels.

You collected 1060 gold pieces.

Inventory:

Hand Weapons
 a - a +3 war axe of freezing (weapon)
 b - a +4 hunting sling of flaming
 c - a +3 spear
 d - a +3 hunting sling of freezing
 M - the +5 dagger "Xasmir" {protect, *Corrode +Blink rElec Str+3}
   (You found it on level 6 of the Dungeon)

   It grants its wielder temporary protection when it strikes (+7 to AC).
   It affects your strength (+3).
   It insulates you from electricity.
   It lets you blink.
   It may corrode you when you take damage.
 P - the +4 dagger "Quwny" {speed, *Contam rF+ rN+ Str+4}
   (You found it on level 13 of the Dungeon)

   Attacks with this weapon are significantly faster.
   It affects your strength (+4).
   It protects you from fire.
   It protects you from negative energy.
   It causes magical contamination when unequipped.
 T - the +1 rapier "Deir Haryfa" {vorpal, rElec rC- Dex+5}
   (Trog gifted it to you on level 10 of the Dungeon)

   It inflicts extra damage upon your enemies.
   It affects your dexterity (+5).
   It makes you vulnerable to cold.
   It insulates you from electricity.
Missiles
 e - 475 stones
 f - 29 boomerangs
 n - 51 sling bullets
 s - 42 poisoned darts (quivered)
 x - 5 silver boomerangs
 D - 3 throwing nets
 I - 2 javelins
Armour
 A - a +0 cloak (worn)
 H - a +2 chain mail of fire resistance (worn)
 U - +0 swamp dragon scales
 Y - a +1 pair of gloves of archery (worn)
Jewellery
 r - a +4 ring of protection (left hand)
 N - an amulet of reflection (around neck)
Wands
 h - a wand of random effects (65)
 C - a wand of flame (28)
 F - a wand of polymorph (14)
 G - a wand of acid (17)
 J - a wand of enslavement (12)
 Q - a wand of digging (19)
 R - a wand of paralysis (5)
 X - a wand of iceblast (3)
Scrolls
 k - 6 scrolls of amnesia {unknown}
 l - a scroll of immolation
 m - 6 scrolls of remove curse
 o - 4 scrolls of noise {unknown}
 p - 3 scrolls of enchant armour {unknown}
 q - 7 scrolls of blinking
 w - 2 scrolls of magic mapping
 y - 6 scrolls of teleportation {unknown}
 E - 4 scrolls of fog {unknown}
 L - a scroll of fear
 V - a scroll of enchant weapon
Potions
 g - 3 potions of haste
 i - 5 potions of attraction {unknown}
 j - a potion of resistance
 t - 2 potions of mutation
 u - 2 potions of degeneration {unknown}
 v - 4 potions of heal wounds
 z - 8 potions of flight {unknown}
 B - 5 potions of curing {unknown}
 O - a potion of cancellation
 Z - a potion of lignification
Miscellaneous
 K - a tin of tremorstones (2/2)
 S - a phantom mirror
 W - a phial of floods


   Skills:
 + Level 12.8 Fighting
 - Level 15.9(16.0) Axes
 + Level 1.2(10.8) Polearms
 + Level 10.9(11.1) Slings
 - Level 2.5(6.9) Throwing
 + Level 10.3 Armour
 + Level 7.0 Dodging
 + Level 3.2 Stealth
 + Level 6.1 Shields
 + Level 0.3 Evocations


You had 12 spell levels left.
You didn't know any spells.
Your spell library contained the following spells:

 Spells                   Type           Power        Failure   Level
 Animate Skeleton         Necr           #.....       95%         1
 Pain                     Necr           #...         95%         1
 Shock                    Conj/Air       #...         95%         1
 Swiftness                Air            #.......     99%         2
 Confusing Touch          Hex            #.......     100%        3
 Gell's Gravitas          Tloc           #.........   100%        3
 Static Discharge         Conj/Air       #.......     100%        3
 Vampiric Draining        Necr           #.........   100%        3
 Airstrike                Air            #.........   100%        4
 Animate Dead             Necr           #.........   100%        4
 Petrify                  Tmut/Erth      #.......     100%        4
 Agony                    Necr           #.......     100%        5
 Irradiate                Conj/Tmut      #.........   100%        5
 Lightning Bolt           Conj/Air       #.........   100%        5
 Metabolic Englaciation   Hex/Ice        #.........   100%        5
 Yara's Violent Unravell  Hex/Tmut       #.........   100%        5
 Hydra Form               Tmut           #.........   100%        6
 Statue Form              Tmut/Erth      #........    100%        6
 Dragon Form              Tmut           #.........   100%        7


Dungeon Overview and Level Annotations

Branches:
Dungeon (15/15)            Temple (1/1) D:6            Lair (0/6) D:8
    Orc (1/2) D:9
 Vaults: D:13-14     Depths: D:15

Altars:
Ashenzari
Cheibriados
Dithmenos
Elyvilon
Fedhas
Gozag
Hepliaklqana
Kikubaaqudgha
Makhleb
Nemelex Xobeh
Okawaru
Qazlal
Ru
Sif Muna
Trog
Uskayaw
Vehumet
Wu Jian
Xom
Yredelemnul
Zin
The Shining One

Shops:
D:4 *}   D:7 *

Portals:
Trove: D:11 (give 11 potions of heal wounds)

Annotations:
Orc:1 1 transporter


Innate Abilities, Weirdness & Mutations

You reflexively headbutt those who attack you in melee.
You have a pair of horns on your head.


Message History

* * * LOW HITPOINT WARNING * * *
The orc sorcerer mumbles some strange words.
The rust devil hits you.
* * * LOW HITPOINT WARNING * * *
The rust devil corrodes you! The boulder beetle bites you!!
* * * LOW HITPOINT WARNING * * *
The chaos spawn hits you but does no damage.
The rust devil hits you.
* * * LOW HITPOINT WARNING * * *
The rust devil corrodes you!
The boulder beetle leaps!
The orc sorcerer hits you but does no damage.
The chaos spawn hits you but does no damage.
You can move again.
Unknown command.
Blink to where?
Press: ? - help, Dir - move target, p - boulder beetle
As you read the scroll of blinking, it crumbles to dust.
The boulder beetle curls into a ball and begins rolling!
The chaos spawn hits you!
You die...

#..........
#............
#....(.....!.
#....(.......
#............
#............
##............
##....!.......#
#......@.....#
#....°44(...)#
#.....o..(...#
#.........B○○#
#............#
##.#.....#.###
#.#.....#.#
#.###.#.#.#
..#.#


You could see a boulder beetle, a rust devil (summoned), a chaos spawn
(summoned) and an orc sorcerer.

Vanquished Creatures
  Jorgrun (D:12)
  Rupert (D:13)
  Erolcha (D:13)
  2 hydras
  Harold (D:9)
  2 catoblepae
  A death knight (D:13)
  2 two-headed ogres
  2 unseen horrors
  An obsidian statue (D:12)
  4 skeletal warriors
  An orc knight (D:14)
  13 ugly things
  An oklob plant (D:9)
  3 cyclopes
  A deep elf mage (D:11)
  A manticore (D:14)
  Joseph (D:8)
  2 centaur zombies
  3 centaur skeletons
  Maggie (D:10)
  2 gargoyles
  2 kobold demonologists
  A redback zombie (D:8)
  A meliai (D:11)
  7 trolls
  The ghost of LufLufFighter the Changer, an amateur MfTm of Vehumet (D:4)
  A hornet (D:12)
  2 shadows
  A vampire (D:11)
  A wraith (D:10)
  6 yaks (D:11)
  2 vampire mosquitoes (D:13)
  Menkaure (D:6)
  A soldier ant (D:13)
  3 water moccasins
  2 sky beasts
  4 ice beasts
  9 orc warriors
  An eye of draining (D:11)
  7 ogres
  A black bear (D:8)
  A necrophage (D:10)
  4 phantoms
  5 centaurs
  13 bullfrogs
  2 scorpions
  12 killer bees
  11 wights
  4 electric eels (D:12)
  2 howler monkeys
  A crimson imp (D:5)
  14 orc wizards
  6 hounds
  2 quasits
  Crazy Yiuf (D:3)
  3 bullfrog zombies
  7 orc priests
  2 bullfrog skeletons
  2 jellies (D:10)
  Jessica (D:2)
  Natasha (thrice) (D:3)
  3 iguanas
  15 worker ants
  A killer bee zombie (D:4)
  A hound zombie (D:10)
  2 hound skeletons
  A mummy (D:4)
  A howler monkey zombie (D:9)
  2 worker ant zombies
  Robin (D:2)
  3 gnolls (D:3)
  19 adders
  A shadow imp (D:5)
  3 white imps
  A howler monkey simulacrum (D:11)
  4 ufetubi
  An ooze (D:1)
  An adder skeleton (D:4)
  2 adder zombies (D:4)
  2 dart slugs
  3 leopard geckos
  58 orcs
  4 bats
  7 giant cockroaches
  15 goblins
  8 hobgoblins
  8 jackals
  11 kobolds
  6 quokkas
  4 ball pythons
  5 frilled lizards
  A goblin zombie (D:4)
  A jackal skeleton (D:8)
  A jackal zombie (D:7)
  A kobold zombie (D:4)
  A leopard gecko zombie (D:4)
  2 quokka skeletons
  A quokka zombie (D:6)
  4 rats
402 creatures vanquished.

Vanquished Creatures (others)
  7 fungi (D:8)
  11 plants
18 creatures vanquished.

Grand Total: 420 creatures vanquished

Notes
Turn   | Place    | Note
-------+----------+-------------------------------------------
     0 | D:1      | snetch the Minotaur Berserker began the quest for the Orb.
     0 | D:1      | Reached XP level 1. HP: 19/19 MP: 0/0
    29 | D:2      | Noticed Robin
    29 | D:2      | Noticed Jessica
    36 | D:2      | Reached XP level 2. HP: 27/27 MP: 1/1
    39 | D:2      | Reached skill level 4 in Axes
    40 | D:2      | Killed Jessica
    41 | D:2      | Reached XP level 3. HP: 17/34 MP: 2/2
    44 | D:2      | HP: 1/51 [Robin/+2 short sword of electrocution (12)]
    45 | D:2      | Killed Robin
   367 | D:1      | Reached XP level 4. HP: 41/41 MP: 3/3
   379 | D:1      | Reached ** piety under Trog
   956 | D:2      | Reached skill level 5 in Axes
   957 | D:2      | Found an ancient bone altar of Kikubaaqudgha.
   979 | D:2      | Found a snail-covered altar of Cheibriados.
  1291 | D:2      | Reached skill level 5 in Fighting
  1394 | D:2      | Reached XP level 5. HP: 48/48 MP: 4/4
  1595 | D:4      | Found Vuakh's Gadget Emporium.
  1682 | D:4      | Reached skill level 1 in Slings
  1722 | D:4      | Found a sand-covered staircase.
  1998 | D:4      | Reached *** piety under Trog
  1999 | D:4      | Reached XP level 6. HP: 53/56 MP: 5/5
  2023 | D:4      | Found a broken altar of Ashenzari.
  2228 | D:3      | Reached skill level 6 in Axes
  2279 | D:5      | Entered Level 5 of the Dungeon
  2336 | D:3      | Noticed Natasha
  2339 | D:3      | Killed Natasha
  2594 | D:3      | Reached XP level 7. HP: 61/63 MP: 6/6
  2670 | D:3      | Reached skill level 1 in Throwing
  2832 | D:3      | Found a runed translucent door.
  2833 | D:3      | Noticed Crazy Yiuf
  2841 | D:3      | Killed Crazy Yiuf
  2948 | D:3      | Noticed Natasha
  2959 | D:3      | Killed Natasha
  3229 | D:3      | Noticed Natasha
  3239 | D:3      | Killed Natasha
  3441 | D:4      | Reached skill level 7 in Axes
  3605 | D:4      | Found a runed translucent gate.
  3606 | D:4      | Found a runed translucent gate.
  3607 | D:4      | Found a runed translucent gate.
  3608 | D:4      | Noticed LufLufFighter's ghost (amateur MfTm)
  3618 | D:4      | Killed LufLufFighter's ghost
  3798 | D:4      | Found Ystreute's Serpentskin Sales.
  3803 | D:4      | Reached skill level 8 in Axes
  3803 | D:4      | Reached XP level 8. HP: 69/71 MP: 7/7
  3939 | D:5      | Reached **** piety under Trog
  3956 | D:5      | Reached skill level 9 in Axes
  4195 | D:5      | Found a burning altar of Makhleb.
  4196 | D:5      | Found a radiant altar of Vehumet.
  4673 | D:5      | Found a bloodstained altar of Trog.
  4679 | D:5      | Found a shimmering blue altar of Sif Muna.
  4683 | D:5      | Found a faded altar of an unknown god.
  4685 | D:5      | Found a glowing silver altar of Zin.
  4686 | D:5      | Found a glowing golden altar of the Shining One.
  4900 | D:5      | Reached skill level 5 in Slings
  5394 | D:6      | Found a staircase to the Ecumenical Temple.
  5414 | D:6      | Reached skill level 5 in Dodging
  5414 | D:6      | Reached XP level 9. HP: 71/79 MP: 8/8
  5474 | Temple   | Entered the Ecumenical Temple
  5633 | D:6      | Got a faintly glowing dagger
  5705 | D:6      | Reached skill level 10 in Axes
  5870 | D:6      | Noticed a purple ugly thing
  5879 | D:6      | Killed a purple ugly thing
  5971 | D:6      | Noticed Menkaure
  5976 | D:6      | Killed Menkaure
  6700 | D:7      | Found Remnas's Assorted Antiques.
  6826 | D:8      | Reached skill level 11 in Axes
  6916 | D:7      | Identified the +5 dagger "Xasmir" {protect, *Corrode +Blink
                  | rElec Str+3} (You found it on level 6 of the Dungeon)
  6992 | D:8      | Noticed a two-headed ogre
  7003 | D:8      | Killed a two-headed ogre
  7004 | D:8      | Reached skill level 1 in Shields
  7237 | D:8      | Noticed Joseph
  7249 | D:8      | Reached XP level 10. HP: 73/89 MP: 9/9
  7250 | D:8      | Killed Joseph
  7251 | D:8      | Reached skill level 5 in Armour
  7303 | D:8      | Reached skill level 1 in Stealth
  7688 | D:8      | Found a staircase to the Lair.
  8017 | D:9      | Noticed Harold
  8027 | D:9      | Reached ***** piety under Trog
  8032 | D:9      | Killed Harold
  8033 | D:9      | Reached skill level 12 in Axes
  8107 | D:9      | Found a staircase to the Orcish Mines.
  8396 | D:10     | Entered Level 10 of the Dungeon
  8559 | D:9      | Got a twisted whip
  8594 | D:9      | Found a glowing golden altar of the Shining One.
  8595 | D:9      | Noticed an oklob plant
  8605 | D:9      | Killed an oklob plant
  9239 | D:10     | Noticed Maggie
  9253 | D:10     | Reached skill level 13 in Axes
  9261 | D:10     | Killed Maggie
  9264 | D:10     | Reached XP level 11. HP: 82/97 MP: 10/10
  9265 | D:10     | Received a gift from Trog
  9274 | D:10     | Got a jewelled rapier {god gift}
  9673 | D:10     | Identified the cursed +0 whip of the Grave {freeze, Str+2}
                  | (You found it on level 9 of the Dungeon)
  9675 | D:10     | Identified the +1 rapier "Deir Haryfa" {vorpal, rElec rC-
                  | Dex+5} (Trog gifted it to you on level 10 of the Dungeon)
  9795 | D:11     | Found a portal to a secret trove of treasure.
  9800 | D:11     | Noticed a six-headed hydra
  9922 | Orc:1    | Entered Level 1 of the Orcish Mines
  9922 | Orc:1    | Found a transporter.
 10045 | D:11     | Noticed a deep elf mage
 10058 | D:11     | Killed a deep elf mage
 10060 | D:11     | Noticed a skeletal warrior
 10061 | D:11     | Reached skill level 10 in Fighting
 10064 | D:11     | Noticed a skeletal warrior
 10069 | D:11     | Noticed a skeletal warrior
 10358 | D:10     | Killed a skeletal warrior
 10538 | D:10     | Killed a skeletal warrior
 10539 | D:10     | Reached skill level 14 in Axes
 10719 | D:11     | Noticed a two-headed ogre
 10727 | D:11     | Killed a two-headed ogre
 10961 | D:11     | Killed a skeletal warrior
 11035 | D:11     | Killed an unseen horror
 11231 | D:10     | Upgraded the game from 0.26-a0-858-gbf766624f9 to
                  | 0.26-a0-958-gf3041fb45f
 11630 | D:11     | Killed a six-headed hydra
 11631 | D:11     | Reached XP level 12. HP: 108/108 MP: 11/11
 11855 | D:11     | Received a gift from Trog
 12158 | D:11     | Reached skill level 1 in Polearms
 13074 | D:12     | Noticed Jorgrun
 13105 | D:12     | Killed Jorgrun
 13106 | D:12     | Reached skill level 15 in Axes
 13106 | D:12     | Reached skill level 5 in Shields
 13745 | D:13     | Lost intelligence.
 13892 | D:13     | Noticed Rupert
 13910 | D:13     | Killed Rupert
 14010 | D:13     | Got a twisted dagger
 14273 | D:12     | Identified the +4 dagger "Quwny" {speed, *Contam rF+ rN+
                  | Str+4} (You found it on level 13 of the Dungeon)
 15094 | D:14     | Noticed an eight-headed hydra
 15100 | D:14     | Killed an eight-headed hydra
 15101 | D:14     | Reached skill level 10 in Slings
 15101 | D:14     | Reached XP level 13. HP: 118/118 MP: 12/12
 15753 | D:13     | Noticed Erolcha
 15771 | D:13     | Killed Erolcha
 16061 | D:15     | Entered Level 15 of the Dungeon
 16281 | D:14     | Reached skill level 10 in Armour
 16945 | D:15     | Paralysed by an orc sorcerer for 4 turns
 16951 | D:15     | Slain by a chaos spawn

Illustrated notes

Levels and vault maps discovered:
D:1:      dpeg_arrival_radiant, layout_rooms, corexii_leaking_fountain,
          roderic_roman_lattice
D:2:      layout_basic, kiku_gazebo_pond_becter, kennysheep_slug_shrine,
          uniq_robin, uniq_jessica
D:3:      layout_basic, uniq_crazy_yiuf_cottage, uniq_natasha
D:4:      layout_rooms, evilmike_ruin_ashenzari, serial_shops, shop,
          gammafunk_ghost_necromancy, nicolae_ossuary_entry_giza, minivault_26,
          guppyfry_shop_venom
D:5:      layout_basic, grunt_temple_overflow_lords_of_destruction,
          chequers_temple_overflow_minitemple, chequers_arboretum
D:6:      layout_cave_pools, minmay_temple_entry_large_hall, uniq_menkaure
D:7:      layout_rooms, serial_shops, shop
D:8:      layout_basic, grunt_lair_entry_orc_guard_hut,
          minmay_misc_feat_diagonals, uniq_joseph
D:9:      layout_rooms, hiddenorc2_lemuel, minmay_tree_intersection,
          lemuel_oklob_altar, uniq_harold
D:10:     layout_loops_corners, uniq_maggie
D:11:     minmay_the_grid_octo_2x2 [minmay_the_grid_octo_77,
          minmay_the_grid_octo_pinwheel, minmay_the_grid_octo_checkerflower,
          minmay_the_grid_octo_prize_star], layout_basic,
          nicolae_trove_entry_free_sample
D:12:     minmay_statue_hallways, layout_basic, uniq_jorgrun
D:13:     layout_cave_pools, uniq_erolcha, uniq_rupert
D:14:     layout_roguey, hangedman_vaults_entry_quadrant_bands,
          minmay_misc_feat_nine_boxes, minivault_13
D:15:     hangedman_depths_entry_civil_slaughter, layout_basic,
          hangedman_abyss_or_decor_stagger,
          nicolae_dithmenos_through_a_glass_darkly, uniq_azrael
Temple:   eino_temple_water
Orc:1:    layout_diamond_mine, serial_shops, shop_statue,
          gammafunk_ghost_abyssal_escape

Skill      XL: |  1  2  3  4  5  6  7  8  9 10 11 12 13 |
---------------+----------------------------------------+-----
Axes           | 4 5 6 8 9 11 13 14 15 | 15.9
Fighting       | 4 5 6 7 8 9 10 12 | 12.8
Armour         | 3 4 6 7 9 10 | 10.3
Slings         | 2 3 5 6 7 8 10 | 10.9
Dodging        | 3 4 5 6 7 |  7.0
Throwing       | 1 2 |  2.5
Shields        | 1 3 4 5 6 |  6.1
Stealth        | 1 2 3 |  3.2
Polearms       | 1 |  1.2
Evocations     | |  0.3

Action                   |  1- 3 |  4- 6 |  7- 9 | 10-12 | 13-15 || total
-------------------------+-------+-------+-------+-------+-------++-------
Melee: Hand axe          |    17 |    55 |       |       |       ||    72
       Headbutt          |     2 |    15 |    29 |    95 |    34 ||   175
       Short sword       |     3 |       |       |       |       ||     3
       War axe           |       |    52 |   132 |   456 |   101 ||   741
       Broad axe         |       |       |    36 |    37 |       ||    73
       Spear             |       |       |       |     8 |       ||     8
 Fire: Hunting sling     |       |    17 |    77 |   170 |    55 ||   319
Throw: Dart              |       |    10 |     6 |     7 |       ||    23
Invok: Berserk           |     1 |       |     2 |     7 |     3 ||    13
       Trog's Hand       |       |       |       |     4 |       ||     4
Evoke: Wand              |       |       |       |     1 |       ||     1
       Phial of floods   |       |       |       |     1 |       ||     1
  Use: Scroll            |       |       |     6 |    12 |     1 ||    19
       Potion            |       |       |       |     1 |       ||     1
 Stab: Sleeping          |       |     2 |       |     1 |       ||     3
       Petrified         |       |       |       |       |     8 ||     8
Armor: Animal skin       |     2 |       |       |       |       ||     2
       Robe              |     1 |    29 |    41 |       |       ||    71
       Scale mail        |       |       |     4 |       |       ||     4
       Chain mail        |       |       |    16 |   182 |    66 ||   264
       Plate armour      |       |       |     7 |    56 |       ||    63
       Leather armour    |       |       |       |    20 |       ||    20
       Swamp dragon scal |       |       |       |     2 |       ||     2
Dodge: Dodged            |    13 |    78 |   123 |   249 |    41 ||   504
Block: Other             |       |       |    10 |   111 |    15 ||   136
       Reflection        |       |       |     1 |       |       ||     1

Table legend: (Time is in decaauts)
 A = Elapsed time spent in this place.
 B = Non-inter-level travel time spent in this place.
 C = Inter-level travel time spent in this place.
 D = Time resting spent in this place.
 E = Time spent auto-exploring this place.
 F = Levels seen in this place.
 G = Mean time per level.
                   A        B        C        D        E       F      G
               +--------+--------+--------+--------+--------+-----+--------+
         Total |  16981 |  16271 |    710 |   1693 |   9853 |  17 |  998.9 |
       Dungeon |  16830 |  16126 |    704 |   1693 |   9754 |  15 | 1122.0 |
        Temple |    145 |    139 |      6 |      0 |     99 |   1 |  145.0 |
  Orcish Mines |      4 |      4 |      0 |      0 |      0 |   1 |    4.0 |
               +--------+--------+--------+--------+--------+-----+--------+

Top non-repeatable levels by time:
    D:10: 2287 daAuts
    D:12: 1896 daAuts
    D:11: 1496 daAuts
     D:4: 1400 daAuts
     D:8: 1348 daAuts
     D:3: 1160 daAuts
     D:5: 1152 daAuts
    D:13: 1072 daAuts
    D:14: 995 daAuts
     D:9: 875 daAuts
     D:1: 869 daAuts
     D:7: 781 daAuts
     D:2: 739 daAuts
     D:6: 705 daAuts
  Temple: 145 daAuts
